 Dungeon Crawl Stone Soup version 0.32-a0-20-ge526923d97 (webtiles) character file.

Game seed: 9819686407689997128

9247 Xavori the Thaumaturge (level 11, -2/120 HPs)
             Began as a Djinni Chaos Knight on Jan 17, 2024.
             Was a Plaything of Xom.
             Slain by a vampire mosquito (5 damage)
             ... on level 10 of the Dungeon.
             The game lasted 00:16:36 (17834 turns).

Xavori the Thaumaturge (Djinni Chaos Knight)       Turns: 17834, Time: 00:16:36

Health: -2/120     AC: 16    Str: 12    XL:     11   Next: 70%
Gold:   856        EV: 15    Int: 17    God:    Xom [.....*] SH:  5 Dex: 18

rFire   + + .        a - +0 falchion (freeze)
rCold   . . .        (no shield)
rNeg    . . .        x - +3 ring mail {rC+}
rPois   ∞            (helmet restricted)
rElec   .            q - +0 cloak
rCorr   .            (no gloves)
SInv    +            (boots unavailable)
Will    +++..        n - amulet of reflection Stlth
                     y - +4 ring of protection
HPRegen 0.40/turn    o - ring of Jownoc {Will++ Str+3 Int-2 Slay+4}
MPRegen 0.00/turn

%: reflection, infuse magic (-3 HP)
@: berserking (expiring), forested, flying, very slightly contaminated, very
quick
A: sickness immunity, fire resistance 2, cold vulnerability 1, float, innate
caster, HP casting, extra vitality 1, claws 1, horns 1, iridescent scales 1, see
invisible, agile 1, clever 1, mutation resistance 1, wild magic 1
a: Renounce Religion


You were on level 10 of the Dungeon.
You worshipped Xom.
You were Xom's teddy bear.
You visited 1 branch of the dungeon, and saw 10 of its levels.
You also visited: Bailey.

You collected 1114 gold pieces.
You spent 258 gold pieces at shops.

Inventory:

Hand Weapons
 a - a +0 falchion of freezing (weapon)
Missiles
 D - 7 throwing nets (quivered)
Armour
 b - a +2 leather armour
 q - a +0 cloak (worn)
 x - a +3 ring mail of cold resistance (worn)
 K - a +0 troll leather armour
Jewellery
 l - a ring of positive energy
 n - an amulet of reflection (around neck)
 o - the ring of Jownoc (right claw) {Will++ Str+3 Int-2 Slay+4}
   (You took it off an orc on level 2 of the Dungeon)

   [ring of slaying]

   Str+3:     It affects your strength (+3).
   Int-2:     It affects your intelligence (-2).
   Slay+4:    It affects your accuracy & damage with ranged weapons and melee
   (+4).
   Will++:    It greatly increases your willpower.
 r - a ring of fire
 y - a +4 ring of protection (left claw)
Wands
 e - a wand of digging (6)
 u - a wand of light (9)
 F - a wand of charming (21)
 I - a wand of mindburst (3)
 M - a wand of polymorph (7)
Scrolls
 c - a scroll of butterflies
 f - a scroll of noise
 g - 4 scrolls of teleportation
 h - a scroll of enchant armour
 i - a scroll of poison
 j - a scroll of fear
 m - a scroll of revelation
 w - 4 scrolls of fog
 E - 3 scrolls of immolation
 H - 2 scrolls of enchant weapon
 J - 2 scrolls of identify
 L - a scroll of vulnerability {unknown}
Potions
 d - a potion of brilliance {unknown}
 k - a potion of might
 p - a potion of cancellation
 s - a potion of mutation
 t - a potion of heal wounds {unknown}
 v - 2 potions of berserk rage
 z - a potion of invisibility {unknown}
 A - 12 potions of degeneration
 B - 8 potions of curing {unknown}
 C - a potion of lignification {unknown}
 G - 2 potions of haste


   Skills:
 + Level 7.7 Fighting
 + Level 7.0 Long Blades
 + Level 7.1 Armour
 + Level 8.1 Dodging
 * Level 8.1 Spellcasting
 * Level 8.1 Conjurations
 * Level 8.1 Hexes
   Level 0.0 Charms
 * Level 8.1 Summonings
 * Level 8.1 Necromancy
 * Level 8.1 Translocations
   Level 0.0 Transmutations
 * Level 8.1 Fire Magic
 * Level 8.1 Ice Magic
 * Level 8.1 Air Magic
 * Level 8.1 Earth Magic
 * Level 8.1 Alchemy


You knew the following spells:

 Your Spells              Type           Power      Damage    Failure   Level
a - Apportation           Tloc           90%        N/A       1%          1
b - Momentum Strike       Conj/Tloc      90%        3d10      2%          2
c - Searing Ray           Conj           90%        2d7       2%          2
d - Ignite Poison         Fire/Alch      45%        N/A       11%         4
e - Summon Forest         Summ/Tloc      22%        N/A       28%         5
Your spell library was empty.

Dungeon Overview and Level Annotations

Branches:
Dungeon (10/15)            Temple (0/1) D:4             Orc (0/2) D:9
 Bailey (visited)
   Lair: D:8-11

Altars:
Elyvilon
Nemelex Xobeh
Okawaru
Xom
The Shining One

Shops:
D:2 :   D:7 ?


Innate Abilities, Weirdness & Mutations

You are immune to sickness and miasma.
You are immune to poison.
Your flesh is very heat resistant. (rF++)
You are vulnerable to cold. (rC-)
You float through the air rather than walking.
You learn spells naturally, not from books.
Your magical power is your life essence.
You have superior vitality. (+4 MHP)
You have sharp fingernails.
You have a pair of small horns on your head.
You are partially covered in iridescent scales. (AC +2)
You have supernaturally acute eyesight. (SInv)
You are agile. (Dex +4, Str/Int -1)
Your mind is acute. (Int +4, Str/Dex -1)
You are somewhat resistant to further mutation.
Your spells are a little harder to cast, but a little more powerful.


Message History

Your snaplasher vine hits the vampire mosquito!
Your snaplasher vine constricts the vampire mosquito.
The vampire mosquito bites your snaplasher vine!
The vampire mosquito draws strength from your snaplasher vine's injuries!
Your dryad hits the vampire mosquito.
The vampire mosquito bites you but does no damage.
Your Long Blades skill increases to level 7!
Your Dodging skill increases to level 8!
You slash the vampire mosquito! You freeze the vampire mosquito.
You destroy the vampire mosquito!
The vampire mosquito bites you but does no damage.
The vampire mosquito bites your dryad!
You block the vampire mosquito's attack.
Your snaplasher vine loses its grip on the vampire mosquito.
The vine drags the vampire mosquito backwards!
Your snaplasher vine grabs the vampire mosquito.
Your snaplasher vine hits the vampire mosquito.
Your snaplasher vine constricts the vampire mosquito.
The vampire mosquito closely misses you.
Your dryad hits the vampire mosquito.
The vampire mosquito is destroyed!
You slash the vampire mosquito! You freeze the vampire mosquito.
The vampire mosquito is severely damaged.
The unseen horror hits you.
* * * LOW HITPOINT WARNING * * *
You block the vampire mosquito's attack.
The vampire mosquito barely misses you.
Your snaplasher vine grabs the vampire mosquito.
Your snaplasher vine hits the vampire mosquito!
Your snaplasher vine constricts the vampire mosquito.
Unknown command.
You completely miss the vampire mosquito.
You headbutt the vampire mosquito!
The vampire mosquito is severely damaged.
You feel roots moving beneath the ground.
Your snaplasher vine falls limply to the ground.
Your snaplasher vine loses its grip on the vampire mosquito.
The unseen horror hits you but does no damage.
The vampire mosquito bites you.
You die...

... ##...... ..
#♣..♣###♣## #...... #.#
♣..♣....─*# ##..... ..#
♣....../..♣# ##....[ #..
#....)/....###...... #..##
##....w......#..#....
#..##♣........♣.....###.).
#..#♣...x§R─♣......## #..
########......y@w........#
..
#........♣....§y§......###
#.
..........♣#..........## #
#####...#####......##..#
#...# ♣..#######.## #....y
♣### ##.## #.....
##.####### #......
#####....... .......
####...........


You could see an unseen horror (invisible), 2 vampire mosquitoes, a friendly
dryad (summoned) and 2 friendly snaplasher vines.

Vanquished Creatures
  A two-headed ogre (D:9)
  Urug (D:10)
  Jeremiah (D:8)
  A troll (D:10)
  Grinder (D:4)
  A blink frog (Bailey)
  A wyvern (D:10)
  3 yaks (D:6)
  Edmund (D:4)
  A vampire mosquito (D:10)
  An acid dragon (D:9)
  A water moccasin (D:7)
  Duvessa (D:7)
  An ice beast (D:8)
  3 sky beasts
  A swamp drake (D:9)
  A black bear (D:5)
  5 orc warriors
  3 ogres
  3 wolves (Bailey)
  4 centaurs
  3 kobold brigands
  2 phantoms
  A bullfrog (D:7)
  3 gnoll sergeants
  8 scorpions
  Dowan (D:7)
  3 howler monkeys
  3 bombardier beetles
  3 hounds
  3 gnoll boudas (Bailey)
  A jelly (D:5)
  6 orc priests
  Jessica (D:2)
  Natasha (D:2)
  4 sleepcaps (D:6)
  An iguana (D:5)
  11 orc wizards
  15 gnolls
  7 adders
  A shadow imp (D:6)
  2 white imps (D:7)
  5 dart slugs
  A ribbon worm (D:3)
  43 orcs
  5 ball pythons
  11 endoplasms
  7 giant cockroaches
  13 goblins
  5 hobgoblins
  9 jackals
  28 kobolds
  3 quokkas
  7 bats
  6 frilled lizards
  9 rats
268 creatures vanquished.

Vanquished Creatures (collateral kills)
  A two-headed ogre (D:9)
  A vampire mosquito (D:10)
  Grum (Bailey)
  4 wolves (Bailey)
  6 gnoll sergeants (Bailey)
  A kobold brigand (D:10)
  3 gnoll boudas (Bailey)
  6 gnolls (Bailey)
  2 kobolds (D:10)
25 creatures vanquished.

Vanquished Creatures (others)
  A wolf (Bailey)
1 creature vanquished.

Grand Total: 294 creatures vanquished

Notes
Turn   | Place    | Note
-------+----------+-------------------------------------------
     0 | D:1      | Xavori the Djinni Chaos Knight began the quest for the Orb.
     0 | D:1      | Reached XP level 1. HP: 20/20 MP: 0/0
    90 | D:1      | XOM: divination: magic mapping
   100 | D:1      | Reached XP level 2. HP: 22/25 MP: 0/0
   209 | D:1      | Reached XP level 3. HP: 30/30 MP: 0/0
   209 | D:1      | Learned a level 1 spell: Apportation
   222 | D:1      | Reached skill level 1 in Spellcasting
   222 | D:1      | Reached skill level 1 in Conjurations
   222 | D:1      | Reached skill level 1 in Hexes
   222 | D:1      | Reached skill level 1 in Summonings
   222 | D:1      | Reached skill level 1 in Necromancy
   222 | D:1      | Reached skill level 1 in Translocations
   222 | D:1      | Reached skill level 1 in Fire Magic
   222 | D:1      | Reached skill level 1 in Ice Magic
   222 | D:1      | Reached skill level 1 in Air Magic
   222 | D:1      | Reached skill level 1 in Earth Magic
   222 | D:1      | Reached skill level 1 in Alchemy
   283 | D:1      | XOM: divination: detect creatures
   560 | D:1      | Reached XP level 4. HP: 35/35 MP: 0/0
  2710 | D:1      | XOM: scenery: summon butterflies
  3196 | D:1      | XOM: give mutations
  3196 | D:1      | Gained mutation: You possess an exceptional clarity of
                  | mind. [Xom's grace]
  3196 | D:1      | Gained mutation: You are agile. (Dex +4, Str/Int -1) [Xom's
                  | grace]
  4057 | D:1      | XOM is BORED!
  4057 | D:1      | XOM: torment (19/35 hp)
  4481 | D:1      | XOM: scenery: summon butterflies
  4757 | D:1      | XOM: cloud trail
  6137 | D:1      | XOM is BORED!
  6564 | D:1      | XOM: cloud trail
  6797 | D:1      | XOM: noise
  7154 | D:1      | XOM: cloud trail
  7380 | D:1      | XOM: noise
  7679 | D:1      | XOM: cloud trail
  7752 | D:1      | XOM: scenery: create altars
  7805 | D:1      | XOM: god gift: scroll labelled CULODA TUYHYH {god gift}
  7823 | D:2      | XOM: 3-stop teleportation journey
  7932 | D:2      | Noticed Jessica
  7937 | D:2      | Killed Jessica
  7938 | D:2      | Reached XP level 5. HP: 35/40 MP: 0/0
  7938 | D:2      | Learned a level 2 spell: Momentum Strike
  8023 | D:2      | Identified the ring of Jownoc {Will++ Str+3 Int-2 Slay+4}
  8073 | D:2      | XOM: divination: detect creatures
  8082 | D:2      | XOM: polymorph gnoll -> orc
  8246 | D:2      | Found Giplew's Book Shop.
  8364 | D:2      | Noticed Natasha
  8365 | D:2      | XOM: 3-stop teleportation journey
  8372 | D:2      | Killed Natasha
  8518 | D:2      | XOM: give mutations
  8518 | D:2      | Gained mutation: Your mind is acute. (Int +4, Str/Dex -1)
                  | [Xom's mischief]
  8518 | D:2      | Lost mutation: Your mind is acute. (Int +4, Str/Dex -1)
                  | [Xom's mischief]
  8797 | D:3      | XOM: 6-stop teleportation journey
  9390 | D:4      | Found a white marble altar of Elyvilon.
  9481 | D:4      | Reached XP level 6. HP: 45/47 MP: 0/0
  9665 | D:4      | Found a staircase to the Ecumenical Temple.
  9684 | D:4      | Reached XP level 7. HP: 42/52 MP: 0/0
  9684 | D:4      | Learned a level 2 spell: Searing Ray
  9690 | D:4      | XOM: god gift: spear {god gift}
  9761 | D:4      | Noticed Grinder
  9783 | D:4      | Killed Grinder
  9849 | D:4      | XOM: god gift: sedimented puce potion {god gift}
  9940 | D:4      | Found a glowing golden altar of the Shining One.
  9967 | D:4      | Noticed Edmund
  9978 | D:4      | Killed Edmund
  9979 | D:4      | Reached XP level 8. HP: 11/58 MP: 0/0
  9979 | D:4      | XOM: god gift: war axe {god gift}
 10206 | D:4      | XOM: 1-stop teleportation journey
 10486 | D:5      | Entered Level 5 of the Dungeon
 10729 | D:5      | XOM: god gift: chain mail {god gift}
 10735 | D:5      | XOM: divination: detect creatures
 10775 | D:5      | XOM: confuse monster(s)
 10915 | D:5      | XOM: blink monster(s)
 10917 | D:5      | XOM: cast spell 'Chain of Chaos'
 11021 | D:5      | XOM: give mutations
 11021 | D:5      | Gained mutation: You have supernaturally acute eyesight.
                  | (SInv) [Xom's grace]
 11021 | D:5      | Gained mutation: Your mind is acute. (Int +4, Str/Dex -1)
                  | [Xom's grace]
 11021 | D:5      | Gained mutation: You expend health (3 HP) to strengthen
                  | your wands. [Xom's grace]
 11021 | D:5      | Gained mutation: You have sharp fingernails. [Xom's grace]
 11259 | D:5      | XOM: scenery: summon butterflies
 11268 | D:5      | Reached skill level 5 in Fighting
 11310 | D:5      | XOM: fog
 11312 | D:5      | Reached skill level 5 in Dodging
 11312 | D:5      | Reached XP level 9. HP: 65/65 MP: 0/0
 11312 | D:5      | Learned a level 4 spell: Ignite Poison
 11880 | D:6      | Reached skill level 5 in Spellcasting
 11880 | D:6      | Reached skill level 5 in Conjurations
 11880 | D:6      | Reached skill level 5 in Hexes
 11880 | D:6      | Reached skill level 5 in Summonings
 11880 | D:6      | Reached skill level 5 in Necromancy
 11880 | D:6      | Reached skill level 5 in Translocations
 11880 | D:6      | Reached skill level 5 in Fire Magic
 11880 | D:6      | Reached skill level 5 in Ice Magic
 11880 | D:6      | Reached skill level 5 in Air Magic
 11880 | D:6      | Reached skill level 5 in Earth Magic
 11880 | D:6      | Reached skill level 5 in Alchemy
 12200 | D:6      | XOM: fake destruction
 12205 | D:6      | Reached skill level 5 in Long Blades
 12330 | D:6      | XOM: give mutation
 12330 | D:6      | Gained mutation: You have a pair of small horns on your
                  | head. [Xom's grace]
 12586 | D:6      | XOM: confuse monster(s)
 12604 | D:6      | Reached skill level 5 in Armour
 12812 | D:7      | XOM: noise
 13047 | D:7      | Reached XP level 10. HP: 66/72 MP: 0/0
 13193 | D:7      | Noticed Dowan
 13194 | D:7      | Noticed Duvessa
 13212 | D:7      | Killed Dowan
 13216 | D:7      | XOM: potion effect (heal wounds)
 13219 | D:7      | Killed Duvessa
 13534 | D:7      | Found Gyar's Magic Scroll Emporium.
 13541 | D:7      | Bought a scroll of teleportation for 36 gold pieces
 13541 | D:7      | Bought a scroll of teleportation for 36 gold pieces
 13541 | D:7      | Bought a scroll of identify for 24 gold pieces
 13541 | D:7      | Bought a scroll of identify for 24 gold pieces
 13541 | D:7      | Bought a scroll of enchant weapon for 90 gold pieces
 13543 | D:7      | Bought a scroll of identify for 24 gold pieces
 13543 | D:7      | Bought a scroll of identify for 24 gold pieces
 13643 | D:7      | XOM: cloud trail
 13671 | D:7      | XOM: god gift: 34 gold pieces
 13685 | D:7      | Found a sparkling altar of Nemelex Xobeh.
 13687 | D:7      | Found an iron altar of Okawaru.
 13727 | D:8      | XOM: give mutation
 13727 | D:8      | Gained mutation: Your spells are a little harder to cast,
                  | but a little more powerful. [Xom's mischief]
 14018 | D:8      | XOM: enchant monster (good)
 14259 | D:8      | XOM: noise
 14283 | D:8      | Noticed Jeremiah
 14297 | D:8      | Killed Jeremiah
 14725 | D:8      | XOM: silly message
 15190 | D:9      | Noticed a two-headed ogre
 15200 | D:9      | Killed a two-headed ogre
 15364 | D:9      | Found a flagged portal.
 15381 | Bailey   | Entered a bailey
 15513 | Bailey   | XOM: summons 3 hostile shadow creatures
 15600 | Bailey   | XOM: destruction
 15623 | Bailey   | XOM: summons 1 friendly demon
 15629 | Bailey   | XOM: blink monster(s)
 15782 | Bailey   | XOM: noise
 15846 | Bailey   | Noticed Grum
 15857 | Bailey   | XOM: 1-stop teleportation journey
 15866 | Bailey   | XOM: confuse monster(s)
 15872 | Bailey   | Lost mutation: You expend health (3 HP) to strengthen your
                  | wands. [potion of mutation]
 15872 | Bailey   | Lost mutation: You possess an exceptional clarity of mind.
                  | [potion of mutation]
 15872 | Bailey   | Gained mutation: You are partially covered in iridescent
                  | scales. (AC +2) [potion of mutation]
 15872 | Bailey   | Gained mutation: You are somewhat resistant to further
                  | mutation. [potion of mutation]
 15876 | Bailey   | XOM: chaos cloud
 16071 | Bailey   | XOM: polymorph gnoll sergeant -> blink frog
 16072 | Bailey   | XOM: enchant monster (bad)
 16087 | Bailey   | Reached XP level 11. HP: 66/79 MP: 0/0
 16087 | Bailey   | Learned a level 5 spell: Summon Forest
 16119 | Bailey   | XOM: swap monsters
 16126 | Bailey   | XOM: swap monsters
 16134 | Bailey   | XOM: draining
 16164 | Bailey   | Killed Grum
 16580 | D:9      | Found a staircase to the Orcish Mines.
 16774 | D:9      | XOM: 3-stop teleportation journey
 16834 | D:9      | XOM: cloud trail
 17083 | D:9      | Noticed a two-headed ogre
 17090 | D:9      | Killed a two-headed ogre
 17110 | D:9      | XOM: divination: magic mapping
 17327 | D:10     | Entered Level 10 of the Dungeon
 17808 | D:10     | Noticed Urug
 17819 | D:10     | XOM: fog
 17830 | D:10     | HP: 5/118 [vampire mosquito (2)]
 17831 | D:10     | Killed Urug
 17834 | D:10     | Slain by a vampire mosquito

Illustrated notes

Levels and vault maps discovered:
D:1:      shiori_arrival_maze, layout_loops_ring, serial_bayou,
          serial_bayou_lake_a, serial_bayou_shore_b, serial_bayou_pond_e,
          serial_bayou_pond_a, serial_bayou_pond_b, minmay_quantized
D:2:      layout_rooms, serial_shops, shop, uniq_natasha, uniq_jessica
D:3:      layout_basic
D:4:      layout_cave_pods, mainiacjoe_overflow_tiny_flanked,
          overflow_temple_1_default, minmay_temple_entry_trees, serial_library,
          serial_library_hellmonk_angled_corner, serial_library_hellmonk_u_bend,
          serial_library_hellmonk_open_cross, serial_library_hellmonk_room_b,
          serial_library_hellmonk_small_corner,
          serial_library_hellmonk_secret_room,
          serial_library_regret_index_small_wings, minivault_11, uniq_grinder,
          uniq_edmund
D:5:      layout_loops_corners, grunt_ministairs_14, nrook_mini_vaults
D:6:      layout_basic
D:7:      layout_basic, mainiacjoe_overflow_big_doors, serial_shops,
          nicolae_shop_temple_entry_statues_fountains, uniq_duvessa
D:8:      layout_basic, corexii_checkpoint, uniq_jeremiah
D:9:      layout_irregular_city, erik_orc_1, enter_bailey_5
D:10:     layout_cave_pods, uniq_urug, uniq_harold

Skill      XL: |  1  2  3  4  5  6  7  8  9 10 11 |
---------------+----------------------------------+-----
Spellcasting   | 1 2 3 4 5 7 8 |  8.1
Conjurations   | 1 2 3 4 5 7 8 |  8.1
Hexes          | 1 2 3 4 5 7 8 |  8.1
Summonings     | 1 2 3 4 5 7 8 |  8.1
Necromancy     | 1 2 3 4 5 7 8 |  8.1
Translocations | 1 2 3 4 5 7 8 |  8.1
Fire Magic     | 1 2 3 4 5 7 8 |  8.1
Ice Magic      | 1 2 3 4 5 7 8 |  8.1
Air Magic      | 1 2 3 4 5 7 8 |  8.1
Earth Magic    | 1 2 3 4 5 7 8 |  8.1
Alchemy        | 1 2 3 4 5 7 8 |  8.1
Long Blades    | 3 4 5 6 7 |  7.0
Armour         | 2 3 4 5 6 7 |  7.1
Dodging        | 3 4 5 6 7 8 |  8.1
Fighting       | 4 5 6 7 |  7.7

Action                     |  1- 3 |  4- 6 |  7- 9 | 10-12 || total
---------------------------+-------+-------+-------+-------++-------
  Melee: Falchion          |    98 |   130 |   258 |   359 ||   845
         Punch             |     1 |       |     6 |     7 ||    14
         Headbutt          |       |       |    17 |    75 ||    92
   Cast: Searing Ray       |       |       |       |     6 ||     6
         Summon Forest     |       |       |       |     3 ||     3
  Evoke: Wand              |       |       |       |     5 ||     5
    Use: Scroll            |       |     7 |     1 |     9 ||    17
         Potion            |       |       |       |     2 ||     2
   Stab: Sleeping          |       |     2 |     1 |       ||     3
         Confused          |       |       |     1 |     2 ||     3
         Invisible         |       |       |       |     1 ||     1
         Distracted        |       |       |       |     3 ||     3
 Armour: Leather armour    |    69 |    84 |   153 |   226 ||   532
         Ring mail         |       |       |       |    52 ||    52
  Dodge: Dodged            |    71 |    75 |   185 |   342 ||   673
  Block: Other             |       |     7 |    64 |   107 ||   178
         Reflection        |       |     1 |     4 |     2 ||     7

Table legend: (Time is in decaauts)
 A = Elapsed time spent in this place.
 B = Non-inter-level travel time spent in this place.
 C = Inter-level travel time spent in this place.
 D = Time resting spent in this place.
 E = Time spent auto-exploring this place.
 F = Levels seen in this place.
 G = Mean time per level.
                   A        B        C        D        E       F      G
               +--------+--------+--------+--------+--------+-----+--------+
         Total |  17881 |  17631 |    250 |   8446 |   6907 |  11 | 1625.5 |
       Dungeon |  16808 |  16558 |    250 |   7974 |   6682 |  10 | 1680.8 |
        Bailey |   1073 |   1073 |      0 |    472 |    225 |   1 | 1073.0 |
               +--------+--------+--------+--------+--------+-----+--------+

Top non-repeatable levels by time:
     D:1: 7941 daAuts
     D:6: 1506 daAuts
     D:4: 1224 daAuts
     D:9: 1201 daAuts
     D:8: 1194 daAuts
  Bailey: 1073 daAuts
     D:5: 955 daAuts
     D:7: 919 daAuts
     D:3: 729 daAuts
     D:2: 632 daAuts
    D:10: 502 daAuts
